 Dungeon Crawl Stone Soup version 0.30-a0-726-gd89dcf765f (webtiles) character file.

Game seed: 9552965125476940251

442 lunkers the Slicer (level 7, 0/55 HPs)
             Began as a Meteoran Warper on Jan 29, 2023.
             Was a Believer of Fedhas.
             Killed from afar by a white imp (10 damage)
             ... with a puff of frost
             ... on level 5 of the Dungeon.
             The game lasted 00:05:39 (2135 turns).

lunkers the Slicer (Meteoran Warper)                Turns: 2135, Time: 00:05:40

Health: 0/55       AC:  5    Str: 12    XL:     7   Next: 47%
Magic:  12/12      EV: 11    Int: 16    God:    Fedhas [**....]
Gold:   80         SH:  0    Dex: 15    Spells: 6/11 levels left

rFire   . . .      SeeInvis .    w - +2 dagger (venom)
rCold   . . .      Faith    .    y - orb {light}
rNeg    . . .      Spirit   .    o - +0 ring mail
rPois   +          Reflect  .    (no helmet)
rElec   .          Harm     .    (no cloak)
rCorr   .          Rampage  .    (no gloves)
Will    .....                    (no boots)
Stlth   +                        (no amulet)
HPRegen 0.29/turn                j - ring of poison resistance
MPRegen 0.13/turn                (no ring)

@: glowing
A: sense surroundings 1, otherworldly, glowing, explore regen
a: Renounce Religion, Wall of Briars


You were on level 5 of the Dungeon.
You worshipped Fedhas.
Fedhas was pleased with you.
You visited 1 branch of the dungeon, and saw 5 of its levels.

You collected 180 gold pieces.
You spent 100 gold pieces at shops.

Inventory:

Hand Weapons
 a - a +0 short sword
 n - a +1 heavy war axe
 w - a +2 dagger of venom (weapon)
 x - a +0 arbalest
Missiles
 d - 5 boomerangs of dispersal
 t - a curare-tipped dart
Armour
 b - a +0 leather armour
 o - a +0 ring mail (worn)
 y - an orb of light (worn)
Jewellery
 j - a ring of poison resistance (left hand)
Scrolls
 c - a scroll of blinking
 f - a scroll of magic mapping {unknown}
 g - 2 scrolls of silence {unknown}
 h - a scroll of immolation {unknown}
 i - 3 scrolls of fear {unknown}
 k - 2 scrolls of teleportation
 p - a scroll of poison {unknown}
 r - a scroll of enchant armour {unknown}
 u - 3 scrolls of identify {unknown}
Potions
 e - 4 potions of heal wounds {unknown}
 l - a potion of might {unknown}
 m - 2 potions of brilliance {unknown}
 q - a potion of degeneration {unknown}
 s - a potion of curing {unknown}


   Skills:
 - Level 2.1 Fighting
 + Level 8.0 Short Blades
 - Level 1.2 Throwing
 - Level 1.2 Armour
 - Level 2.4 Dodging
 - Level 2.6 Spellcasting
 - Level 3.6 Translocations


You had 6 spell levels left.
You knew the following spells:

 Your Spells              Type           Power      Damage    Failure   Level
b - Vhi's Electric Charg  Tloc/Air       14%        N/A       54%         3
p - Blink                 Tloc           26%        N/A       16%         2

Your spell library contained the following spells:

 Spells                   Type           Power      Damage    Failure   Level
 Lesser Beckoning         Tloc           26%        N/A       16%         2
 Teleport Other           Tloc           13%        N/A       30%         3
 Manifold Assault         Tloc           13%        N/A       69%         4


Dungeon Overview and Level Annotations

Branches:
Dungeon (5/15) Zot: 933
 Temple: D:4-7

Altars:
Fedhas
Wu Jian

Shops:
D:4 (

Annotations:
D:4 Pikel


Innate Abilities, Weirdness & Mutations

You passively map a small area around you.
You are easily found by Zot.
You glow in the dark.
You regain HP and MP as you explore.


Message History

The ice beast is heavily wounded.
You hit the ice beast but do no damage.
The ice beast is heavily wounded.
You barely miss the ice beast.
The ice beast is heavily wounded.
The ice beast closely misses you.
You completely miss the ice beast.
The ice beast is heavily wounded.
The ice beast closely misses you.
You hit the ice beast.
The ice beast is heavily wounded.
You hit the ice beast.
The ice beast is heavily wounded.
The ice beast hits you.
* * * LOW HITPOINT WARNING * * *
The ice beast freezes you!
* * * LOW HITPOINT WARNING * * *
Unknown command.
Casting: Blink (safe; 16% risk of failure)
Confirm with . or Enter, or press ? or * to list all spells.
You blink.
The white imp gestures at you. The puff of frost misses you.
You aren't carrying any items that you can evoke.
Throw: 7 boomerangs (disperse)
Press: ? - help, Shift-Dir - straight line, f/p - ice beast
Aim: an ice beast (heavily wounded, 59% to hit)
You throw a boomerang of dispersal.
The boomerang of dispersal hits the white imp but does no damage.
Throw: 6 boomerangs (disperse)
Press: ? - help, Shift-Dir - straight line, f/p - ice beast
Aim: an ice beast (heavily wounded, 59% to hit)
You throw a boomerang of dispersal.
The boomerang of dispersal hits the white imp.
The white imp blinks!
You feel stable enough to blink again. The white imp gestures at you.
The puff of frost hits you!
You die...
Fedhas appreciates your contribution to the ecosystem.

#.#.................
#..#.#.#.#.#........
#.....5.............
#.#.#.#.#.#.#.>.....
##.Y.................
#.#.#.#.#.#.#.#.5Y...
##...................
#.#.#.#.#.#.#.######
##.@..........#
#.#.#.#.#.#..#
##...........#
#.#.#.#.#...#
##..........#
###........#
###......# ##.....#
#######


You could see an ice beast and a white imp.

Vanquished Creatures
  An ice beast (D:5)
  An ogre (D:5)
  2 lemures (D:4)
  A bullfrog (D:4)
  2 hounds
  Ijyb (D:4)
  An iguana (D:4)
  4 adders
  A worm (D:5)
  2 dart slugs
  2 orcs
  6 ball pythons
  5 endoplasms
  A giant cockroach (D:2)
  A goblin (D:2)
  4 hobgoblins
  7 jackals
  3 quokkas
  3 bats
  8 kobolds
56 creatures vanquished.

Vanquished Creatures (others)
  10 plants (D:5)
10 creatures vanquished.

Grand Total: 66 creatures vanquished

Notes
Turn   | Place    | Note
-------+----------+-------------------------------------------
     0 | D:1      | lunkers the Meteoran Warper began the quest for the Orb.
     0 | D:1      | Reached XP level 1. HP: 17/17 MP: 5/5
    86 | D:1      | Found a faded altar of an unknown god.
    89 | D:1      | Prayed at the altar of an unknown god.
    89 | D:1      | Became a worshipper of Fedhas Madash
    89 | D:1      | Reached * piety under Fedhas
   149 | D:1      | Reached XP level 2. HP: 23/24 MP: 6/6
   182 | D:1      | Reached skill level 3 in Short Blades
   417 | D:2      | Reached XP level 3. HP: 29/29 MP: 8/8
   734 | D:2      | Reached skill level 4 in Short Blades
   973 | D:3      | Reached ** piety under Fedhas
   974 | D:3      | Reached XP level 4. HP: 32/36 MP: 9/9
  1346 | D:4      | Learned a level 2 spell: Blink
  1350 | D:4      | Learned a level 3 spell: Vhi's Electric Charge
  1460 | D:4      | Noticed a lemure
  1460 | D:4      | Noticed a lemure
  1461 | D:4      | Noticed Pikel
  1461 | D:4      | Noticed a bullfrog
  1462 | D:4      | Noticed a lemure
  1462 | D:4      | Noticed a lemure
  1500 | D:4      | Found Rofar's Firing Range.
  1512 | D:4      | Bought 3 curare-tipped darts for 43 gold pieces
  1512 | D:4      | Bought 4 curare-tipped darts for 57 gold pieces
  1526 | D:4      | Noticed Ijyb
  1545 | D:4      | Killed Ijyb
  1546 | D:4      | Reached skill level 5 in Short Blades
  1546 | D:4      | Reached XP level 5. HP: 3/41 MP: 4/10
  1589 | D:4      | Killed a bullfrog
  1615 | D:4      | Reached skill level 6 in Short Blades
  1643 | D:4      | Reached XP level 6. HP: 26/48 MP: 11/11
  1692 | D:4      | Found an ornate altar of the Wu Jian Council.
  1943 | D:5      | Entered Level 5 of the Dungeon
  1943 | D:5      | Noticed an ogre
  2004 | D:5      | Noticed an ice beast
  2028 | D:5      | Killed an ice beast
  2029 | D:5      | Reached skill level 7 in Short Blades
  2029 | D:5      | Reached XP level 7. HP: 42/55 MP: 12/12
  2085 | D:5      | Reached skill level 8 in Short Blades
  2135 | D:5      | Killed from afar by a white imp

Illustrated notes

Levels and vault maps discovered:
D:1:      dpeg_arrival_signposts, layout_basic,
          shapermc_ecumenical_altar_mp_ritualfount, serial_park_tiny_2,
          solitary_fountain
D:2:      layout_loops_corners
D:3:      layout_loops_ring
D:4:      layout_rooms, kennysheep_little_box, nicolae_shop_firing_range,
          uniq_pikel, uniq_ijyb
D:5:      layout_basic, serial_bayou_ford_a, st_stairs_1, hex_medium

Skill      XL: |  1  2  3  4  5  6  7 |
---------------+----------------------+-----
Short Blades   | 3 4 5 6 7 8 |  8.0
Fighting       | |  2.1
Throwing       | |  1.2
Armour         | |  1.2
Dodging        | |  2.4
Spellcasting   | |  2.6
Translocations | |  3.6

Action                     |  1- 3 |  4- 6 |  7- 9 || total
---------------------------+-------+-------+-------++-------
  Melee: Short sword       |   109 |   121 |       ||   230
         Punch             |     2 |     2 |       ||     4
         Dagger            |       |    60 |    23 ||    83
  Throw: Dart              |       |     7 |     2 ||     9
         Boomerang         |       |       |     2 ||     2
   Cast: Vhi's Electric Ch |       |     1 |       ||     1
         Blink             |       |       |     2 ||     2
  Evoke: Wand              |       |     1 |     1 ||     2
    Use: Scroll            |       |     2 |       ||     2
 Armour: Leather armour    |    22 |       |       ||    22
         Ring mail         |     1 |    51 |     2 ||    54
  Dodge: Dodged            |    46 |    81 |     8 ||   135

Table legend: (Time is in decaauts)
 A = Elapsed time spent in this place.
 B = Non-inter-level travel time spent in this place.
 C = Inter-level travel time spent in this place.
 D = Time resting spent in this place.
 E = Time spent auto-exploring this place.
 F = Levels seen in this place.
 G = Mean time per level.
                   A        B        C        D        E       F      G
               +--------+--------+--------+--------+--------+-----+--------+
         Total |   2065 |   1979 |     86 |      0 |   1341 |   5 |  413.0 |
       Dungeon |   2065 |   1979 |     86 |      0 |   1341 |   5 |  413.0 |
               +--------+--------+--------+--------+--------+-----+--------+

Top non-repeatable levels by time:
     D:3: 591 daAuts
     D:4: 557 daAuts
     D:2: 528 daAuts
     D:1: 229 daAuts
     D:5: 158 daAuts
